 Dungeon Crawl Stone Soup version 0.23.2-11-gf996548c65 (webtiles) character file.

Game seed: 16783516032126331440

225 troglodite the Ducker (level 5, -6/25 HPs)
             Began as a Spriggan Arcane Marksman on June 6, 2019.
             Was an Initiate of Gozag.
             Killed by nerve-wracking pain
             ... invoked by an orc priest
              (14 damage)
             ... on level 4 of the Dungeon.
             The game lasted 00:12:36 (4130 turns).

troglodite the Ducker (Spriggan Arcane Marksman)    Turns: 4130, Time: 00:12:38

Health: -6/25      AC:  3    Str:  6    XL:     5   Next: 68%
Magic:  9/9        EV: 19    Int: 15    God:    Gozag
Gold:   344        SH:  9    Dex: 17    Spells: 2/8 levels left

rFire    + . .     SeeInvis +   v - +1 rapier (elec)
rCold    . . .     Gourm    .   m - +2 buckler
rNeg     . . .     Faith    .   e - +0 robe
rPois    .         Spirit   .   c - +0 hat
rElec    .         Reflect  +   q - +0 cloak
rCorr    .         Harm     .   (gloves unavailable)
MR       .....                  (boots unavailable)
Stlth    ++........             r - +2 amulet of reflection
HPRegen  0.08/turn              w - ring of protection from fire
MPRegen  0.11/turn              (no ring)

@: gold aura, very quick
A: very small, unfitting armour, see invisible, herbivore, speed 3, slow
metabolism 2
a: Potion Petition, Call Merchant, Bribe Branch, Renounce Religion


You were on level 4 of the Dungeon.
You worshipped Gozag.
Gozag was aware of your devotion.
You were very hungry.

You visited 1 branch of the dungeon, and saw 4 of its levels.

You collected 362 gold pieces.
You paid 18 gold pieces to Gozag.

Inventory:

Hand Weapons
 a - a +0 hunting sling
 j - a +3 short sword of draining
 v - a +1 rapier of electrocution (weapon)
Missiles
 d - 40 sling bullets
 i - 112 stones (quivered)
Armour
 c - a +0 hat (worn)
 e - a +0 robe (worn)
 m - a +2 buckler (worn)
 q - a +0 cloak (worn)
Jewellery
 k - an uncursed ring of ice
 r - a +2 amulet of reflection (around neck)
 w - a ring of protection from fire (left hand)
Wands
 l - a wand of random effects (25)
Scrolls
 b - 2 scrolls of identify
 g - 5 scrolls of magic mapping
 s - 2 scrolls of remove curse
 x - a scroll of random uselessness {unknown}
 y - 2 scrolls of teleportation {unknown}
Potions
 h - a potion of magic {unknown}
 n - 3 potions of curing
 o - a potion of heal wounds {unknown}
 p - a potion of flight {unknown}
 t - a potion of lignification {unknown}
 u - a potion of brilliance {unknown}
Comestibles
 f - 7 rations


   Skills:
 + Level 1.2 Fighting
 + Level 2.4 Short Blades
 * Level 3.4 Slings
 * Level 4.8 Dodging
 * Level 2.0 Stealth
 + Level 0.5 Shields
 * Level 2.3 Spellcasting
 * Level 4.3 Hexes
 * Level 0.9 Fire Magic


You had 2 spell levels left.
You knew the following spells:

 Your Spells              Type           Power        Failure   Level  Hunger
a - Corona                Hex            ##.....      6%          1    #......
b - Inner Flame           Hex/Fire       #.......     34%         3    ###....
c - Slow                  Hex            ##......     9%          2    ###....

Your spell library contained the following spells:

 Spells                   Type           Power        Failure   Level  Hunger
 Portal Projectile        Hex/Tloc       #.....       38%         3    ###....
 Cause Fear               Hex            ##........   50%         4    #####..
 Leda's Liquefaction      Hex/Erth       #.........   80%         4    #####..


Dungeon Overview and Level Annotations

Branches:
Dungeon (4/15)
 Temple: D:4-7

Altars:
Ashenzari
Dithmenos
Elyvilon
Gozag
Makhleb
Okawaru
Uskayaw
Wu Jian
Xom


Innate Abilities, Weirdness & Mutations

You are very small and have problems with some larger weapons.
You are too small for most types of armour.
You have supernaturally acute eyesight. (SInv)
You are a herbivore.
You cover ground extremely quickly.
You need to consume almost no food.


Message History

The orc priest is moderately wounded.
The orc hits you with a +0 whip. The orc priest completely misses you.
The orc hits you with a +0 whip.
You hit the orc priest.
The orc priest is severely wounded.
The orc priest completely misses you. The orc hits you but does no damage.
You hit the orc priest.
The orc priest is almost dead.
The orc priest barely misses you. The orc closely misses you.
You hit the orc priest.
The orc priest is almost dead.
The orc priest casts a cantrip, but nothing happens.
The orc hits you with a +0 whip.
You closely miss the orc priest.
The orc priest is almost dead.
The orc priest mumbles some strange prayers to Beogh against you.
Pain shoots through your body!
Ouch! That really hurt!
You die...
Your body crumbles into a pile of gold.

+....... ..# #......#
...# #......##...##
#.............
#....o........
#...$.........
..######'########+######
.......oo...............
.......@................
.......$................
##......................
#......................
$
#......................
#...............#+##'##
#...............+.....'
#...............#.....#
............#.....#


You could see an orc priest and an orc.

Vanquished Creatures
  Crazy Yiuf (D:2)
  An orc priest (D:4)
  Jessica (D:2)
  A worker ant (D:2)
  A gnoll (D:2)
  3 adders
  An ooze (D:2)
  A worm (D:2)
  2 dart slugs (D:3)
  2 leopard geckos (D:2)
  An orc (D:4)
  8 bats
  2 giant cockroaches
  6 goblins
  6 hobgoblins
  6 jackals
  4 quokkas
  A ball python (D:3)
  3 frilled lizards
  11 kobolds
  10 rats
72 creatures vanquished.

Notes
Turn   | Place    | Note
-------+----------+-------------------------------------------
     0 | D:1      | troglodite the Spriggan Arcane Marksman began the quest for
                  | the Orb.
     0 | D:1      | Reached XP level 1. HP: 9/9 MP: 3/3
   546 | D:1      | Reached XP level 2. HP: 3/14 MP: 5/5
  1594 | D:2      | Reached skill level 1 in Fighting
  1603 | D:2      | Reached XP level 3. HP: 15/18 MP: 6/6
  1608 | D:2      | Learned a level 3 spell: Inner Flame
  1628 | D:2      | Reached skill level 1 in Stealth
  1719 | D:2      | Found an opulent altar of Gozag.
  1750 | D:2      | Became a worshipper of Gozag Ym Sagoz the Greedy
  1789 | D:2      | Reached skill level 1 in Short Blades
  1789 | D:2      | Reached XP level 4. HP: 22/22 MP: 6/8
  1794 | D:2      | HP: 1/22 [gnoll/+0 spear (9)]
  2421 | D:2      | Found a shattered altar of Ashenzari.
  2423 | D:2      | Found a burning altar of Makhleb.
  2426 | D:2      | Found a shadowy altar of Dithmenos.
  2427 | D:2      | Noticed Jessica
  2428 | D:2      | Found a hide-covered altar of Uskayaw.
  2429 | D:2      | Found a shimmering altar of Xom.
  2438 | D:2      | Killed Jessica
  2505 | D:2      | Found an iron altar of Okawaru.
  2505 | D:2      | Found an ornate altar of the Wu Jian Council.
  2524 | D:2      | Found a white marble altar of Elyvilon.
  2722 | D:2      | Found a runed translucent door.
  2723 | D:2      | Noticed Crazy Yiuf
  2735 | D:2      | Killed Crazy Yiuf
  2735 | D:2      | Reached XP level 5. HP: 20/25 MP: 9/9
  2751 | D:2      | Learned a level 2 spell: Slow
  4130 | D:4      | Killed from afar by an orc priest

Skill      XL: |  1  2  3  4  5 |
---------------+----------------+-----
Hexes          | 4 |  4.3
Fighting       | 1 |  1.2
Stealth        | 1 2 |  2.0
Short Blades   | 1 2 |  2.4
Slings         | 3 |  3.4
Dodging        | 4 |  4.8
Spellcasting   | 2 |  2.3
Shields        | |  0.5
Fire Magic     | |  0.9

Action                   |  1- 3 |  4- 6 || total
-------------------------+-------+-------++-------
Melee: Dagger            |    65 |       ||    65
       Short sword       |    64 |    93 ||   157
       Rapier            |       |    31 ||    31
 Fire: Hunting sling     |     6 |       ||     6
 Cast: Corona            |     1 |       ||     1
Invok: Potion Petition   |     1 |       ||     1
  Use: Scroll            |       |     6 ||     6
 Stab: Sleeping          |       |     5 ||     5
Armor: Robe              |    17 |     4 ||    21
Dodge: Dodged            |   107 |    71 ||   178
Block: Buckler           |     3 |    41 ||    44
